 Dungeon Crawl Stone Soup version 0.29.0-7-g18a832c13a (webtiles) character file.

Game seed: 16225472401912338902

2 Leibowitz the Trooper (level 1, 14/14 HPs)
             Began as a Kobold Fighter on Aug 30, 2022.
             Was a Follower of the Shining One.
             Got out of the dungeon alive.
             The game lasted 00:00:30 (299 turns).

Leibowitz the Trooper (Kobold Fighter)               Turns: 299, Time: 00:00:30

Health: 14/14      AC:  6    Str: 13    XL:     1   Next: 44%
Magic:  1/1        EV: 10    Int:  9    God:    the Shining One [*.....]
Gold:   14         SH:  5    Dex: 14    Spells: 0/0 levels left

rFire   . . .      SeeInvis .   a - +0 rapier
rCold   . . .      Faith    .   c - +0 buckler
rNeg    . . .      Spirit   .   b - +0 scale mail
rPois   .          Reflect  .   (no helmet)
rElec   .          Harm     .   (no cloak)
rCorr   .          Rampage  .   (no gloves)
Will    .....                   (no boots)
Stlth   +.........              (no amulet)
HPRegen 0.04/turn               (no ring)
MPRegen 0.07/turn               (no ring)

@: glowing
A: small, no large weapons, nightstalker 3
a: Renounce Religion, Divine Shield


You escaped.
You worshipped the Shining One.
The Shining One was aware of your devotion.
You visited 1 branch of the dungeon, and saw 1 of its levels.

You collected 14 gold pieces.

Inventory:

Hand Weapons
 a - a +0 rapier (weapon)
Armour
 b - a +0 scale mail (worn)
 c - a +0 buckler (worn)
Scrolls
 f - a scroll of magic mapping {unknown}
Potions
 d - a potion of might
 e - a potion of curing {unknown}
 g - a potion of brilliance {unknown}


   Skills:
 * Level 3.3 Fighting
 * Level 2.7 Short Blades
 + Level 2.4 Armour
 * Level 0.1 Dodging
 * Level 0.1 Stealth
 * Level 2.4 Shields


You couldn't memorise any spells.
You didn't know any spells.
Your spell library was empty.

Dungeon Overview and Level Annotations

Branches:
Dungeon (1/15)

Altars:
The Shining One


Innate Abilities, Weirdness & Mutations

You are small and have problems with some larger weapons.
You are completely attuned to the shadows.


Message History

You hit the quokka.
You kill the quokka!
You see here a quokka corpse.
HP restored.
You now have 3 gold pieces.
Found a stone staircase leading down.
There is a stone staircase leading down here.
An endoplasm comes into view.
The endoplasm quivers.
The endoplasm barely misses you.
You hit the endoplasm.
The endoplasm is almost dead.
The endoplasm closely misses you.
You barely miss the endoplasm.
The endoplasm is almost dead.
The endoplasm hits you but does no damage.
You hit the endoplasm.
You kill the endoplasm!
Found 4 stones.
You open the door.
There is an open door here.
e - a blue potion
Found a stone staircase leading down.
f - a scroll labelled UTOLELILURE
There is a stone staircase leading down here.
You now have 14 gold pieces (gained 11).
g - a bubbling pink potion
Found a faded altar of an unknown god.
Found a scroll labelled SIUF PUUCZOU.
There is a faded altar of an unknown god here.
You cannot tell which god this altar belongs to.
Convert to them anyway?
Okay, then.
You cannot tell which god this altar belongs to.
Convert to them anyway?
The Shining One accepts your prayer! The Shining One welcomes you!
You and your allies can now gain power from killing the unholy and evil.
You can now call upon the Shining One for a divine shield.
There is a staircase leading out of the dungeon here.
Are you sure you want to leave the Dungeon?
This will make you lose the game!
You have escaped! ## # # # #.####### # ###.........# ###### ..............#......
PPPPPPPPPPPPP.#......

PP..@..PPPPPP.#......
..PPPPP..PPPP.#......
PPP...PPP.PPP.#......
PP.PPP.PP.PPP.#......
P.PP.PP.PP.PP.#......
.P.PP.P.PP.#......
P.P.P.PP.#......
.P.PP.P.PP........
.PP.PP.PP.PP#.......


There were no monsters in sight!

Vanquished Creatures
  An endoplasm (D:1)
  A quokka (D:1)
2 creatures vanquished.

Notes
Turn   | Place    | Note
-------+----------+-------------------------------------------
     0 | D:1      | Leibowitz the Kobold Fighter began the quest for the Orb.
     0 | D:1      | Reached XP level 1. HP: 14/14 MP: 1/1
   211 | D:1      | Found a faded altar of an unknown god.
   216 | D:1      | Prayed at the altar of an unknown god.
   216 | D:1      | Became a worshipper of the Shining One
   216 | D:1      | Reached * piety under the Shining One
   299 | D:$      | Got out of the dungeon alive.

Illustrated notes

Levels and vault maps discovered:
D:1:      roderic_crop_circles_arrival_small, layout_basic,
          chequers_ecumenical_altar_simple, minmay_hedge_maze

Action                   || total
-------------------------++-------
Melee: Rapier            ||     6
Armor: Scale mail        ||     1
Dodge: Dodged            ||     2
Block: Buckler           ||     1
